PL
PHOENIX HOTSPUR @ D.C. DIVIDED
09/01/2030
 
TOP OF THE 1ST
Phoenix Hotspur batting - Pitching for D.C. Divided : RHP Germán Rodríguez
Pitching: RHP Germán Rodríguez
Batting: RHB Jesús Álvarez 0-0: Ball
1-0: Fly out, F8 (Flyball, 78S)
Batting: LHB Wagaw Lukongolo 0-0: TRIPLE (Line Drive, 8LXD)
Batting: LHB Shojiro Ueda 0-0: Called Strike
0-1: Ball
1-1: Called Strike
1-2: Ground out 3-1 (Groundball, 34S)
Wagaw Lukongolo scores
Batting: RHB Gabriel Pérez 0-0: Called Strike
0-1: Ball
1-1: Foul Ball, location: 2F
1-2: DOUBLE (Line Drive, 8RD)
Batting: RHB John Downing 0-0: Ball
1-0: Foul Ball, location: 2F
1-1: Fly out, F7 (Flyball, 78M)
Top of the 1st over - 1 run, 2 hits, 0 errors, 1 left on base; Phoenix 1 - D.C. 0
BOTTOM OF THE 1ST
D.C. Divided batting - Pitching for Phoenix Hotspur : RHP Jaime van de Weideven
Pitching: RHP Jaime van de Weideven
Batting: RHB Roberto Maestas 0-0: Ball
1-0: Swinging Strike
1-1: Ball
2-1: Ground out 6-3 (Groundball, 6)
Batting: RHB Tony Romero 0-0: Swinging Strike
0-1: Foul Ball, location: 2F
0-2: Ball
1-2: Ball
2-2: Strikes out swinging
Batting: RHB Arturo Rodríguez 0-0: Ball
1-0: Ball
2-0: Called Strike
2-1: Called Strike
2-2: Strikes out swinging
Bottom of the 1st over - 0 runs, 0 hits, 0 errors, 0 left on base; Phoenix 1 - D.C. 0
TOP OF THE 2ND
Phoenix Hotspur batting - Pitching for D.C. Divided : RHP Germán Rodríguez
Batting: RHB Kyle Bywaters 0-0: Ball
1-0: Ball
2-0: Called Strike
2-1: Foul Ball, location: 2F
2-2: Foul Ball, location: 2F
2-2: Ground out 5-3 (Groundball, 56S)
Batting: RHB Randy Rehling 0-0: Swinging Strike
0-1: Called Strike
0-2: Ball
1-2: Foul Ball, location: 2F
1-2: Strikes out swinging
Batting: RHB Pierre Bernard 0-0: Called Strike
0-1: Ball
1-1: Swinging Strike
1-2: Ball
2-2: Strikes out looking
Top of the 2nd over - 0 runs, 0 hits, 0 errors, 0 left on base; Phoenix 1 - D.C. 0
BOTTOM OF THE 2ND
D.C. Divided batting - Pitching for Phoenix Hotspur : RHP Jaime van de Weideven
Batting: RHB Wilbur Davis 0-0: Swinging Strike
0-1: Ground out 6-3 (Groundball, 6)
Batting: RHB Mario Castillo 0-0: Ball
1-0: Ball
2-0: Called Strike
2-1: Called Strike
2-2: Ground out 5-3 (Groundball, 56)
Batting: LHB Obidiah Lewis 0-0: Swinging Strike
0-1: Ball
1-1: Swinging Strike
1-2: Strikes out swinging
Bottom of the 2nd over - 0 runs, 0 hits, 0 errors, 0 left on base; Phoenix 1 - D.C. 0
TOP OF THE 3RD
Phoenix Hotspur batting - Pitching for D.C. Divided : RHP Germán Rodríguez
Batting: RHB Alex Niemann 0-0: Ball
1-0: Ball
2-0: Ball
3-0: Called Strike
3-1: Swinging Strike
3-2: Foul Ball, location: 2F
3-2: Base on Balls
Batting: RHB Jesús Álvarez 0-0: Called Strike
0-1: Ball
1-1: Ball
2-1: Called Strike
2-2: Ground out U3 (Groundball, 34)
Alex Niemann to second
Batting: LHB Wagaw Lukongolo 0-0: Called Strike
0-1: Swinging Strike
0-2: Strikes out swinging
Batting: LHB Shojiro Ueda 0-0: Swinging Strike
0-1: Fly out, F7 (Flyball, 7D)
Top of the 3rd over - 0 runs, 0 hits, 0 errors, 1 left on base; Phoenix 1 - D.C. 0
BOTTOM OF THE 3RD
D.C. Divided batting - Pitching for Phoenix Hotspur : RHP Jaime van de Weideven
Batting: RHB Julián Salcido 0-0: Called Strike
0-1: SINGLE (Flyball, 89S)
Batting: LHB Neil Lawson 0-0: Ball
1-0: Ball
2-0: Called Strike
2-1: Ball
3-1: 2-RUN HOME RUN (Flyball, 9LD), Distance : 361 ft
Batting: RHB Nick Boyd 0-0: SINGLE (Groundball, 4M) (infield hit)
Batting: RHB Roberto Maestas 0-0: Ball
1-0: Called Strike
1-1: Ball
2-1: Foul Ball, location: 2F
2-2: Fly out, F8 (Flyball, 8LM)
Batting: RHB Tony Romero 0-0: Fly out, F6 (Popup, 6)
Batting: RHB Arturo Rodríguez 0-0: Ball
1-0: Foul Ball, location: 2F
1-1: 2-RUN HOME RUN (Flyball, 7LD), Distance : 379 ft
Batting: RHB Wilbur Davis 0-0: Called Strike
0-1: Ground out 6-3 (Groundball, 6)
Bottom of the 3rd over - 4 runs, 4 hits, 0 errors, 0 left on base; Phoenix 1 - D.C. 4
TOP OF THE 4TH
Phoenix Hotspur batting - Pitching for D.C. Divided : RHP Germán Rodríguez
Batting: RHB Gabriel Pérez 0-0: Ball
1-0: Ball
2-0: Called Strike
2-1: SOLO HOME RUN (Flyball, 7D), Distance : 390 ft
Batting: RHB John Downing 0-0: Foul Ball, location: 2F
0-1: Ball
1-1: Ball
2-1: Swinging Strike
2-2: Foul Ball, location: 2F
2-2: Ball
3-2: Foul Ball, location: 2F
3-2: Foul Ball, location: 2F
3-2: Strikes out looking
Batting: RHB Kyle Bywaters 0-0: Ball
1-0: Called Strike
1-1: SINGLE (Line Drive, 5L)
Batting: RHB Randy Rehling 0-0: Called Strike
0-1: Called Strike
0-2: Ball
1-2: Grounds into double play, 5-4-3 (Groundball, 56)
Top of the 4th over - 1 run, 2 hits, 0 errors, 0 left on base; Phoenix 2 - D.C. 4
BOTTOM OF THE 4TH
D.C. Divided batting - Pitching for Phoenix Hotspur : RHP Jaime van de Weideven
Batting: RHB Mario Castillo 0-0: Called Strike
0-1: Ball
1-1: Ball
2-1: Foul Ball, location: 2F
2-2: Foul Ball, location: 2F
2-2: Ground out 6-3 (Groundball, 6M)
Batting: LHB Obidiah Lewis 0-0: Ball
1-0: Called Strike
1-1: Fly out, F8 (Flyball, 8RM)
Batting: RHB Julián Salcido 0-0: Ground out 4-3 (Groundball, 34)
Bottom of the 4th over - 0 runs, 0 hits, 0 errors, 0 left on base; Phoenix 2 - D.C. 4
TOP OF THE 5TH
Phoenix Hotspur batting - Pitching for D.C. Divided : RHP Germán Rodríguez
Batting: RHB Pierre Bernard 0-0: Swinging Strike
0-1: Ground out 1-3 (Groundball, P)
Batting: RHB Alex Niemann 0-0: Ground out 5-3 (Groundball, 56)
Batting: RHB Jesús Álvarez 0-0: Ball
1-0: Foul Ball, location: 2F
1-1: Foul Ball, location: 2F
1-2: Strikes out looking
Top of the 5th over - 0 runs, 0 hits, 0 errors, 0 left on base; Phoenix 2 - D.C. 4
BOTTOM OF THE 5TH
D.C. Divided batting - Pitching for Phoenix Hotspur : RHP Jaime van de Weideven
Batting: LHB Neil Lawson 0-0: Ball
1-0: Ball
2-0: Ground out 3-1 (Groundball, 34S)
Batting: RHB Nick Boyd 0-0: Called Strike
0-1: Ball
1-1: Called Strike
1-2: Ball
2-2: Strikes out looking
Batting: RHB Roberto Maestas 0-0: Ball
1-0: Called Strike
1-1: Swinging Strike
1-2: Ball
2-2: Foul Ball, location: 2F
2-2: Foul Ball, location: 2F
2-2: Foul Ball, location: 2F
2-2: Foul Ball, location: 2F
2-2: Ball
3-2: Strikes out swinging
Bottom of the 5th over - 0 runs, 0 hits, 0 errors, 0 left on base; Phoenix 2 - D.C. 4
TOP OF THE 6TH
Phoenix Hotspur batting - Pitching for D.C. Divided : RHP Germán Rodríguez
Batting: LHB Wagaw Lukongolo 0-0: Swinging Strike
0-1: Bunt for hit - play at first, batter OUT! 1-3
Batting: LHB Shojiro Ueda 0-0: Ball
1-0: Ground out 6-3 (Groundball, 56D)
Batting: RHB Gabriel Pérez 0-0: Ground out 6-3 (Groundball, 6S)
Top of the 6th over - 0 runs, 0 hits, 0 errors, 0 left on base; Phoenix 2 - D.C. 4
BOTTOM OF THE 6TH
D.C. Divided batting - Pitching for Phoenix Hotspur : RHP Jaime van de Weideven
Batting: RHB Tony Romero 0-0: Ball
1-0: Foul Ball, location: 2F
1-1: Ball
2-1: Fly out, F8 (Flyball, 8RD)
Batting: RHB Arturo Rodríguez 0-0: Ball
1-0: Called Strike
1-1: Ball
2-1: Fly out, F8 (Line Drive, 78S)
Now in CF: Jason DeGeorge
Batting: RHB Wilbur Davis 0-0: Called Strike
0-1: Called Strike
0-2: Strikes out swinging
Bottom of the 6th over - 0 runs, 0 hits, 0 errors, 0 left on base; Phoenix 2 - D.C. 4
TOP OF THE 7TH
Phoenix Hotspur batting - Pitching for D.C. Divided : RHP Germán Rodríguez
Batting: RHB John Downing 0-0: Called Strike
0-1: Swinging Strike
0-2: DOUBLE (Flyball, 7LD)
Batting: RHB Kyle Bywaters 0-0: Foul Ball, location: 2F
0-1: Foul Ball, location: 2F
0-2: Foul Ball, location: 2F
0-2: Strikes out swinging
Batting: RHB Randy Rehling 0-0: Ground out 5-3 (Groundball, 56S)
John Downing to third
Batting: RHB Pierre Bernard 0-0: Ground out 4-3 (Groundball, 4)
Top of the 7th over - 0 runs, 1 hit, 0 errors, 1 left on base; Phoenix 2 - D.C. 4
BOTTOM OF THE 7TH
D.C. Divided batting - Pitching for Phoenix Hotspur : RHP Jaime van de Weideven
Batting: RHB Mario Castillo 0-0: Called Strike
0-1: Ball
1-1: Called Strike
1-2: Fly out, F8 (Flyball, 8LD)
Batting: LHB Obidiah Lewis 0-0: Called Strike
0-1: DOUBLE (Flyball, 8LXD)
Batting: RHB Julián Salcido 0-0: Swinging Strike
0-1: Ball
1-1: Ball
2-1: SINGLE (Line Drive, 8LS)
Obidiah Lewis to third
Runner from 3rd tries for Home, SAFE, throw made home
Pitching: RHP Alexander Weareorwear
Batting: LHB Neil Lawson 0-0: Ball
1-0: Ball
2-0: Ball
3-0: Called Strike
3-1: Foul Ball, location: 2F
3-2: Ground out 6-3 (Groundball, 6)
Julián Salcido to second
Batting: RHB Nick Boyd 0-0: Swinging Strike
0-1: Foul Ball, location: 2F
0-2: Ball
1-2: Fly out, F8 (Flyball, 89M)
Bottom of the 7th over - 1 run, 2 hits, 0 errors, 1 left on base; Phoenix 2 - D.C. 5
TOP OF THE 8TH
Phoenix Hotspur batting - Pitching for D.C. Divided : RHP Germán Rodríguez
Batting: RHB Alex Niemann 0-0: Ball
1-0: Ball
2-0: Ball
3-0: Called Strike
3-1: Base on Balls
Batting: RHB Jesús Álvarez 0-0: Ball
1-0: SINGLE (Groundball, 56D)
Alex Niemann to second
Batting: LHB Wagaw Lukongolo 0-0: Called Strike
0-1: Ball
1-1: Fielders Choice at 2nd, 5-4 (Groundball, 56)
Alex Niemann to third
Batting: LHB Shojiro Ueda 0-0: Called Strike
0-1: Called Strike
0-2: Fielders Choice at 2nd, 5-4 (Groundball, 56)
Alex Niemann scores
Batting: LHB Jason DeGeorge 0-0: Swinging Strike
0-1: Called Strike
0-2: Ball
1-2: Ball
2-2: Strikes out looking
Top of the 8th over - 1 run, 1 hit, 0 errors, 1 left on base; Phoenix 3 - D.C. 5
BOTTOM OF THE 8TH
D.C. Divided batting - Pitching for Phoenix Hotspur : RHP Alexander Weareorwear
Batting: RHB Roberto Maestas 0-0: SINGLE (Groundball, 6D)
Batting: RHB Tony Romero 0-0: Ball
1-0: Bunt - Flyout - DP at third! 2-3
Batting: RHB Arturo Rodríguez 0-0: Ground out 6-3 (Groundball, 6)
Bottom of the 8th over - 0 runs, 1 hit, 0 errors, 0 left on base; Phoenix 3 - D.C. 5
TOP OF THE 9TH
Phoenix Hotspur batting - Pitching for D.C. Divided : RHP Germán Rodríguez
Batting: RHB John Downing 0-0: Ball
1-0: Ball
2-0: Called Strike
2-1: Foul Ball, location: 2F
2-2: Foul Ball, location: 2F
2-2: Foul Ball, location: 2F
2-2: Ball
3-2: Base on Balls
Pitching: RHP Denver Milne
Pinch Hitting: LHB Harumi Takaki 0-0: Called Strike
0-1: Ball
1-1: Ball
2-1: Ball
3-1: Base on Balls
John Downing to second
Batting: RHB Randy Rehling 0-0: Called Strike
0-1: Foul Ball, location: 2F
0-2: Ball
1-2: Strikes out swinging
Batting: RHB Pierre Bernard 0-0: Fielders Choice at 2nd, 6-4 (Groundball, 6)
John Downing to third
Batting: RHB Alex Niemann 0-0: Ball
1-0: Ball
2-0: Fly out, F3 (Popup, 3L)
Top of the 9th over - 0 runs, 0 hits, 0 errors, 2 left on base; Phoenix 3 - D.C. 5
Sunday, March 18th, 2018 - OOTP Baseball 18.8 Build 76